 Dungeon Crawl Stone Soup version 0.27-a0-1137-g3ef0f4ec91 (webtiles) character file.

Game seed: 15725494319712561211

84 DasRunzen the Poker (level 4, -6/35 HPs)
             Began as a Demonspawn Gladiator on May 6, 2021.
             Was a Follower of Yredelemnul.
             Killed from afar by a steam dragon (13 damage)
             ... with a ball of steam
             ... on level 3 of the Dungeon.
             The game lasted 00:04:01 (1644 turns).

DasRunzen the Poker (Demonspawn Gladiator)          Turns: 1644, Time: 00:04:02

Health: -6/35      AC:  4    Str: 15    XL:     4   Next: 24%
Magic:  4/4        EV: 13    Int: 10    God:    Yredelemnul [*.....]
Gold:   53         SH:  0    Dex: 14    Spells: 3/3 levels left

rFire    . . .     SeeInvis .   a - +2 trident
rCold    . . .     Faith    .   (no shield)
rNeg     . . .     Spirit   .   b - +0 leather armour
rPois    .         Reflect  .   c - +0 helmet
rElec    .         Harm     .   (no cloak)
rCorr    .         Rampage  .   (no gloves)
Will     .....     Rnd*Rage +   (no boots)
Stlth    +.........             (no amulet)
HPRegen  0.11/turn              (no ring)
MPRegen  0.09/turn              (no ring)

@: no status effects
A: sturdy frame 2, berserk 1, sense surroundings 2
a: Renounce Religion, Animate Remains


You were on level 3 of the Dungeon.
You worshipped Yredelemnul.
Yredelemnul was aware of your devotion.
You visited 1 branch of the dungeon, and saw 3 of its levels.

You collected 53 gold pieces.

Inventory:

Hand Weapons
 a - a +2 trident (weapon)
Missiles
 d - 3 throwing nets (quivered)
Armour
 b - a +0 leather armour (worn)
 c - a +0 helmet (worn)
Potions
 e - a potion of brilliance
 h - 3 potions of curing


   Skills:
 + Level 3.0 Fighting
 + Level 3.4 Polearms
 - Level 1.7 Throwing
 + Level 3.3 Dodging
 + Level 1.2 Invocations


You had 3 spell levels left.
You didn't know any spells.
Your spell library was empty.

Dungeon Overview and Level Annotations

Branches:
Dungeon (3/15)

Altars:
Yredelemnul


Innate Abilities, Weirdness & Mutations

Your movements are less encumbered by armour. (ER -4)
You tend to lose your temper in combat.
You passively map the area around you.


Message History

You closely miss the bat. The bat hits you.
You barely miss the bat. The bat hits you.
You puncture the adder!
The adder is severely wounded.
The bat hits you. The adder barely misses you. The adder bites you.
You hit the adder.
The adder is almost dead.
The bat barely misses you. The adder barely misses you.
You miss the adder.
The adder is almost dead.
The adder barely misses you. The steam dragon breathes steam at you.
The ball of steam hits you! The bat closely misses you. The adder bites you.
* * * LOW HITPOINT WARNING * * *
You hear a bark!
You hear a shout!
It was a potion of heal wounds.
You feel much better.
You are engulfed in a cloud of scalding steam.
The bat hits you but does no damage. The steam dragon closely misses you.
The steam dragon barely misses you. The adder barely misses you.
You closely miss the steam dragon. The bat closely misses you.
The steam dragon bites you but does no damage.
The steam dragon claws you.
The adder is engulfed in a cloud of scalding steam.
The adder dies!
Your Fighting skill increases to level 3!
You hit the steam dragon but do no damage.
The bat hits you but does no damage. The steam dragon bites you.
The steam dragon claws you.
An adder comes into view.
The steam dragon bites you.
* * * LOW HITPOINT WARNING * * *
The steam dragon claws you.
* * * LOW HITPOINT WARNING * * *
You barely miss the steam dragon.
The adder hisses angrily.
The bat barely misses you. The steam dragon breathes steam at you.
The ball of steam hits you!
You die...
Your body rises from the dead as a mindless zombie.

* , , ,, ,, * ,
,, *##....., * ,
, #.....#### , ,,
, * , ,
#........., , , ,
*#......... , *
**#.####.........
* * ...........S.
#...D......, ,
#..@b......,*
#...#......,
###.. ....., , ,,
##.#,.... * * * *
.. .##*, , ,
,,,... # * * , ,
..., , *, , ,....
, ,, , , , , ,> ,


You could see a steam dragon (catching breath), an adder and a bat.

Vanquished Creatures
  2 adders (D:2)
  2 dart slugs (D:1)
  4 endoplasms
  5 giant cockroaches (D:1)
  6 goblins
  A hobgoblin (D:1)
  2 jackals (D:2)
  4 kobolds
  4 quokkas
  4 ball pythons (D:1)
  4 bats
  4 frilled lizards
  7 rats
49 creatures vanquished.

Vanquished Creatures (others)
  An adder (D:3)
1 creature vanquished.

Grand Total: 50 creatures vanquished

Notes
Turn   | Place    | Note
-------+----------+-------------------------------------------
     0 | D:1      | DasRunzen the Demonspawn Gladiator began the quest for the
                  | Orb.
     0 | D:1      | Reached XP level 1. HP: 16/16 MP: 1/1
    72 | D:1      | Gained mutation: Your movements are slightly less
                  | encumbered by armour. (ER -2) [demonic ancestry]
    72 | D:1      | Reached XP level 2. HP: 22/22 MP: 2/2
   607 | D:1      | Gained mutation: Your movements are less encumbered by
                  | armour. (ER -4) [demonic ancestry]
   607 | D:1      | Reached XP level 3. HP: 26/28 MP: 3/3
   915 | D:1      | Found a faded altar of an unknown god.
   955 | D:1      | Became a worshipper of Yredelemnul the Dark
   955 | D:1      | Reached * piety under Yredelemnul
  1329 | D:2      | Reached skill level 1 in Invocations
  1329 | D:2      | Reached XP level 4. HP: 23/34 MP: 4/4
  1614 | D:2      | Gained mutation: You passively map a small area around you.
                  | [potion of mutation]
  1614 | D:2      | Gained mutation: You passively map the area around you.
                  | [potion of mutation]
  1614 | D:2      | Gained mutation: You tend to lose your temper in combat.
                  | [potion of mutation]
  1633 | D:3      | Noticed a steam dragon
  1644 | D:3      | Killed from afar by a steam dragon

Illustrated notes

Levels and vault maps discovered:
D:1:      enne_arrival_octagon_isle, layout_loops_ring,
          chequers_ecumenical_altar_lobes, st_stairs_5, minmay_pentomino_z2
D:2:      layout_rooms
D:3:      layout_rooms, general_overflow_altar, uniq_grinder

Skill      XL: |  1  2  3  4 |
---------------+-------------+-----
Polearms       | 3 |  3.4
Dodging        | 3 |  3.3
Invocations    | 1 |  1.2
Fighting       | 3 |  3.0
Throwing       | |  1.7

Action                   |  1- 3 |  4- 6 || total
-------------------------+-------+-------++-------
Melee: Trident           |   116 |    17 ||   133
  Use: Scroll            |     2 |     6 ||     8
       Potion            |       |     2 ||     2
 Stab: Sleeping          |     4 |       ||     4
Armor: Leather armour    |    20 |     4 ||    24
Dodge: Dodged            |    75 |    12 ||    87

Table legend: (Time is in decaauts)
 A = Elapsed time spent in this place.
 B = Non-inter-level travel time spent in this place.
 C = Inter-level travel time spent in this place.
 D = Time resting spent in this place.
 E = Time spent auto-exploring this place.
 F = Levels seen in this place.
 G = Mean time per level.
                   A        B        C        D        E       F      G
               +--------+--------+--------+--------+--------+-----+--------+
         Total |   1663 |   1645 |     18 |      0 |   1334 |   3 |  554.3 |
       Dungeon |   1663 |   1645 |     18 |      0 |   1334 |   3 |  554.3 |
               +--------+--------+--------+--------+--------+-----+--------+

Top non-repeatable levels by time:
     D:1: 1146 daAuts
     D:2: 504 daAuts
     D:3: 11 daAuts
